 Dungeon Crawl Stone Soup version 0.13-a0-1585-g6f4f798 (webtiles) character file.

260 Kae the Chiller (level 4, -3/24 HPs)
             Began as a Deep Elf Ice Elementalist on June 12, 2013.
             Slain by Grinder (4 damage)
             ... on Level 3 of the Dungeon.
             The game lasted 00:04:43 (2594 turns).

Kae the Chiller (Deep Elf Ice Elementalist)         Turns: 2594, Time: 00:04:44

HP  -3/24        AC  5     Str  5      XL: 4   Next: 97%
MP  13/13        EV 13     Int 21      God:
Gold 125         SH  0     Dex 15      Spells:  2 memorised,  6 levels left

Res.Fire  : . . .   See Invis. : .   w - staff of conjuration
Res.Cold  : . . .   Warding    : .   a - +0 elf robe
Life Prot.: . . .   Conserve   : .   (no shield)
Res.Poison: .       Res.Corr.  : .   u - +1 elf wizard hat
Res.Elec. : .       Clarity    : .   (no cloak)
Sust.Abil.: . .     Spirit.Shd : .   e - +1 pair of bracers {archer}
Res.Mut.  : .       Stasis     : .   (no boots)
Res.Rott. : .       Flight     : .   (no amulet)
Saprovore : . . .                    (no ring)
                                     (no ring)

@: slightly resistant to hostile enchantments, fairly stealthy
A: no striking features
a: no special abilities


You were on level 3 of the Dungeon.
You were not hungry.

You visited 1 branch of the dungeon, and saw 3 of its levels.

You collected 105 gold pieces.

Inventory:

Armour
 a - a +0 elven robe (worn)
 e - a +1 pair of bracers of archery (worn)
 u - a +1 elven wizard hat (worn)
Comestibles
 c - 2 bread rations
 f - a meat ration
 i - 2 apples
 l - a pear
 A - 5 chunks of orc flesh
 B - a chunk of ball python flesh
Scrolls
 d - 2 scrolls of enchant armour {unknown}
 h - 3 scrolls of remove curse
 j - 2 scrolls of teleportation {unknown}
 m - a scroll of fog {unknown}
 n - a scroll of curse armour {unknown}
 p - a scroll of amnesia {unknown}
 t - a scroll of blinking {unknown}
 v - a scroll of random uselessness {unknown}
 x - a scroll of identify {unknown}
Jewellery
 g - an uncursed amulet of guardian spirit {unknown}
Potions
 k - a potion of might {unknown}
 o - 2 potions of resistance {unknown}
 q - a potion of restore abilities {unknown}
 r - a potion of curing {unknown}
 s - 2 potions of brilliance {unknown}
 z - 2 potions of speed {unknown}
Books
 b - a book of Frost

   Spells                             Type                      Level
   *Freeze                            Ice                          1
   *Throw Frost                       Conjuration/Ice              2
   Ozocubu's Armour                   Charms/Ice                   3
   Throw Icicle                       Conjuration/Ice              4
   Summon Ice Beast                   Ice/Summoning                4
   Condensation Shield                Ice                          4
Magical staves
 w - an uncursed staff of conjuration (weapon)


   Skills:
 + Level 0.4 Staves
 - Level 2.4 Dodging
 - Level 2.4 Stealth
 + Level 3.2 Spellcasting
 * Level 2.6 Conjurations
 * Level 5.0 Ice Magic


You had 6 spell levels left.
You knew the following spells:

 Your Spells              Type           Power        Failure   Level  Hunger
a - Freeze                Ice            ###.         1%          1    None
b - Throw Frost           Conj/Ice       ####..       4%          2    ##.....


Dungeon Overview and Level Annotations

Branches:
Dungeon (3/27)

Altars:
Fedhas

Annotations
D:3 Grinder


Message History

Grinder is nearby!
You spend a moment contemplating the meaning of life.
Grinder is nearby!
Grinder shouts!
Grinder gestures at you. Pain shoots through your body!
You hit Grinder but do no damage. Grinder barely misses you.
You hit Grinder but do no damage. Grinder hits you.
You writhe in agony.
You barely miss Grinder.
Grinder says, "Don't move a muscle."
Grinder closely misses you.
You hit Grinder.
Grinder is lightly wounded.
Grinder gestures at you. Pain shoots through your body!
* * * LOW HITPOINT WARNING * * *
Grinder hits you.
* * * LOW HITPOINT WARNING * * *
You writhe in agony.
You die...

≈≈≈≈≈≈≈....##.............#.#.#.#
≈≈≈≈≈≈.....##.####..##..........#
.≈≈≈≈≈.....##.#.............#.###
.≈≈≈)≈...≈.##.##.....##........
.≈≈≈≈...≈≈≈##.##...#.##.#.#.#.
.≈≈≈≈....≈≈##......#.#.......
..≈≈.......#####...#.#.....(
############ #####.#.....
#.5@..### #!###.# # ..# #?# #..
###


You could see Grinder.

Vanquished Creatures
  Terence (D:2)
  4 adders
  A giant mite (D:1)
  3 worms
  2 giant geckos
  4 orcs (D:3)
  A ball python (D:3)
  6 giant cockroaches
  3 goblins
  6 hobgoblins
  10 jackals
  A quokka (D:3)
  3 bats
  5 kobolds
  9 rats
59 creatures vanquished.

Vanquished Creatures (others)
  A hobgoblin (D:3)
1 creature vanquished.

Grand Total: 60 creatures vanquished

Notes
Turn   | Place    | Note
--------------------------------------------------------------
     0 | D:1      | Kae, the Deep Elf Ice Elementalist, began the quest for the Orb.
     0 | D:1      | Reached XP level 1. HP: 10/10 MP: 4/4
   345 | D:1      | Reached XP level 2. HP: 13/15 MP: 5/7
   641 | D:1      | Reached skill level 4 in Ice Magic
   714 | D:1      | Reached XP level 3. HP: 19/19 MP: 7/10
   718 | D:1      | Learned a level 2 spell: Throw Frost
  1002 | D:1      | Found a blossoming altar of Fedhas.
  1051 | D:2      | Noticed Terence
  1080 | D:2      | Killed Terence
  1321 | D:2      | Reached XP level 4. HP: 15/24 MP: 3/13
  2160 | D:3      | Reached skill level 5 in Ice Magic
  2588 | D:3      | Noticed Grinder
  2594 | D:3      | HP: 1/24 [Grinder (6)]
  2594 | D:3      | Slain by Grinder

Action                   |  1- 3 |  4- 6 || total
-------------------------+-------+-------++-------
Melee: Unarmed           |     4 |    24 ||    28
       Staff             |       |     5 ||     5
 Cast: Freeze            |    53 |    54 ||   107
  Use: Scroll            |     2 |       ||     2
